 Dungeon Crawl Stone Soup version 0.30-a0-368-g86fb4627a9 (webtiles) character file.

Game seed: 3142875963276842880

273 oldriver the Magician (level 6, -2/47 HPs)
             Began as a Mummy Necromancer on Nov 19, 2022.
             Killed from afar by an orc wizard (5 damage)
             ... with a puff of flame
             ... on level 6 of the Dungeon.
             The game lasted 00:04:34 (3075 turns).

oldriver the Magician (Mummy Necromancer)           Turns: 3075, Time: 00:04:35

Health: -2/47      AC:  3    Str: 17    XL:     6   Next: 3%
Magic:  13/13      EV: 12    Int: 16    God:
Gold:   147        SH:  0    Dex: 13    Spells: 7/15 levels left

rFire   . . .      SeeInvis .    i - +2 dagger (elec)
rCold   + . .      Faith    +    (no shield)
rNeg    + + +      Spirit   .    a - +0 robe
rPois   ∞          Reflect  .    k - +0 helmet
rElec   .          Harm     .    (no cloak)
rCorr   .          Rampage  .    (no gloves)
Will    .....                    (no boots)
Stlth   ++........               e - amulet of magic regeneration
HPRegen 0.27/turn                b - +6 ring of strength
MPRegen 0.53/turn                p - ring of protection from fire

@: no status effects
A: cold resistance 1, negative energy resistance 3, torment resistance 2, heat
vulnerability 1, in touch with death 1, no potions, faith
a: no special abilities


You were on level 6 of the Dungeon.
You visited 1 branch of the dungeon, and saw 4 of its levels.

You collected 147 gold pieces.

Inventory:

Hand Weapons
 i - a +2 dagger of electrocution (weapon)
 j - a +2 falchion of flaming
 m - a +0 vorpal spear
Armour
 a - a +0 robe (worn)
 k - a +0 helmet (worn)
Jewellery
 b - a +6 ring of strength (left hand)
 c - a +6 ring of dexterity
 e - an amulet of magic regeneration (around neck)
 p - a ring of protection from fire (right hand)
Wands
 f - a wand of light (6)
 s - a wand of paralysis (8)
Scrolls
 d - a scroll of enchant weapon {unknown}
 g - 2 scrolls of magic mapping {unknown}
 h - 3 scrolls of identify {unknown}
 l - a scroll of brand weapon {unknown}
 n - a scroll of noise {unknown}
 o - 2 scrolls of teleportation {unknown}
 q - 2 scrolls of fog {unknown}
 r - a scroll of immolation {unknown}


   Skills:
 + Level 3.5 Fighting
 - Level 2.0 Dodging
 - Level 2.0 Stealth
 + Level 5.3 Spellcasting
 + Level 4.4 Necromancy


You had 7 spell levels left.
You knew the following spells:

 Your Spells              Type           Power      Damage    Failure   Level
a - Necrotise             Necr           100%       1d9       2%          1
b - Vampiric Draining     Necr           27%        2d7       7%          3
c - Animate Dead          Necr           27%        N/A       24%         4

Your spell library contained the following spells:

 Spells                   Type           Power      Damage    Failure   Level
 Agony                    Necr           27%        N/A       54%         5


Dungeon Overview and Level Annotations

Branches:
Dungeon (3/15)

Altars:


Innate Abilities, Weirdness & Mutations

You are immune to poison.
Your flesh is cold resistant. (rC+)
You are immune to negative energy. (rN+++)
You are immune to unholy pain and torment.
You are vulnerable to heat. (rF-)
You are in touch with the powers of death.
You do not drink.
You have a special connection with the divine. (Faith)


Message History

Are you sure you want to stumble around while confused and next to your adder skeleton? [Y]es or [N]o only, please.
Are you sure you want to stumble around while confused and next to your adder skeleton?
Okay, then.
Are you sure you want to stumble around while confused and next to your adder skeleton?
You bump into the rock wall.
The orc priest miscasts a cantrip.
The orc wizard gestures wildly while chanting.
The orc wizard flickers and vanishes!
The orc wizard barely misses you.
Unknown command.
Are you sure you want to stumble around while confused and next to your adder skeleton?
You hit the orc priest but do no damage.
The orc priest is severely wounded.
The orc priest mumbles some strange prayers to Beogh against you.
Beogh smites you!
* * * LOW HITPOINT WARNING * * *
The orc wizard barely misses you.
Unknown command.
Are you sure you want to stumble around while confused and next to your adder skeleton?
You bump into the rock wall.
The orc priest hits you with a +0 whip.
* * * LOW HITPOINT WARNING * * *
The orc wizard barely misses you.
Unknown command.
Are you sure you want to stumble around while confused and next to your adder skeleton?
You bump into the rock wall.
The orc priest hits you with a +0 whip.
* * * LOW HITPOINT WARNING * * *
The orc wizard completely misses you.
Unknown command.
Are you sure you want to stumble around while confused and next to your adder skeleton?
You bump into the rock wall.
The orc priest looks braver for a moment.
The orc wizard barely misses you.
Are you sure you want to stumble around while confused and next to your adder skeleton?
You miss the orc priest.
The orc priest is severely wounded.
You feel less confused. The orc priest closely misses you.
The orc wizard gestures at you while chanting.
The puff of flame hits you.
You die...

#.. ... ...
#..##.##.#
###........##.#
.........#..o..
#...oo...
#{#####.. #{#
#o######
#o@Z...#
######.# #.#
#.# ###.# #...#
####.####
#.......#
#..####.#


You could see an orc priest, an orc wizard (ally target) and a friendly adder
skeleton.

Vanquished Creatures
  A phantom (D:6)
  Terence (D:2)
  Robin (D:2)
  4 gnolls (D:2)
  4 adders
  A worm (D:2)
  3 dart slugs (D:1)
  4 orcs (D:3)
  9 bats
  7 endoplasms
  12 goblins
  5 hobgoblins
  2 jackals (D:2)
  4 quokkas
  5 ball pythons
  2 frilled lizards (D:3)
  6 kobolds
  3 rats (D:1)
74 creatures vanquished.

Vanquished Creatures (collateral kills)
  An endoplasm (D:1)
1 creature vanquished.

Grand Total: 75 creatures vanquished

Notes
Turn   | Place    | Note
-------+----------+-------------------------------------------
     0 | D:1      | oldriver the Mummy Necromancer began the quest for the Orb.
     0 | D:1      | Reached XP level 1. HP: 13/13 MP: 4/4
   400 | D:1      | Reached skill level 3 in Spellcasting
   453 | D:1      | Reached XP level 2. HP: 20/20 MP: 1/6
   759 | D:1      | Reached skill level 1 in Fighting
  1006 | D:1      | Gained mutation: You are in touch with the powers of death.
                  | [Mummy growth]
  1006 | D:1      | Reached XP level 3. HP: 26/26 MP: 5/7
  1351 | D:2      | Noticed Robin
  1535 | D:2      | Learned a level 3 spell: Vampiric Draining
  1564 | D:2      | Killed Robin
  1657 | D:2      | Noticed Terence
  1662 | D:2      | Killed Terence
  1663 | D:2      | Reached skill level 4 in Spellcasting
  1663 | D:2      | Reached XP level 4. HP: 21/33 MP: 5/10
  1746 | D:2      | Learned a level 4 spell: Animate Dead
  1896 | D:2      | Reached XP level 5. HP: 16/40 MP: 4/11
  2154 | D:2      | Found a faded altar of an unknown god.
  2981 | D:3      | You fall into a shaft and drop 3 floors!
  3012 | D:6      | Noticed a phantom
  3044 | D:6      | Killed a phantom
  3045 | D:6      | Reached skill level 5 in Spellcasting
  3055 | D:6      | Reached XP level 6. HP: 47/47 MP: 10/13
  3073 | D:6      | HP: 2/47 [orc priest/+0 whip (3)]
  3075 | D:6      | Killed from afar by an orc wizard

Illustrated notes

Levels and vault maps discovered:
D:1:      dpeg_arrival_round_a, layout_basic
D:2:      layout_basic, shapermc_ecumenical_altar_venn, uniq_terence, uniq_robin
D:3:      layout_loops_ring
D:6:      layout_loops_ring, trog_butcher_becter, grunt_temple_overflow_open,
          minmay_temple_entry_from_below_a, hangedman_decor_clover_reticule

Skill      XL: |  1  2  3  4  5 |
---------------+----------------+-----
Spellcasting   | 3 4 5 |  5.3
Fighting       | 1 2 3 |  3.5
Stealth        | 2 |  2.0
Dodging        | 2 |  2.0
Necromancy     | |  4.4

Action                   |  1- 3 |  4- 6 || total
-------------------------+-------+-------++-------
Melee: Unarmed           |     5 |       ||     5
       Dagger            |       |     9 ||     9
 Cast: Necrotise         |    81 |    68 ||   149
       Vampiric Draining |     2 |     5 ||     7
Evoke: Wand              |       |     2 ||     2
Armor: Robe              |    13 |     7 ||    20
Dodge: Dodged            |    19 |    25 ||    44

Table legend: (Time is in decaauts)
 A = Elapsed time spent in this place.
 B = Non-inter-level travel time spent in this place.
 C = Inter-level travel time spent in this place.
 D = Time resting spent in this place.
 E = Time spent auto-exploring this place.
 F = Levels seen in this place.
 G = Mean time per level.
                   A        B        C        D        E       F      G
               +--------+--------+--------+--------+--------+-----+--------+
         Total |   3071 |   3042 |     29 |    118 |   2378 |   4 |  767.8 |
       Dungeon |   3071 |   3042 |     29 |    118 |   2378 |   4 |  767.8 |
               +--------+--------+--------+--------+--------+-----+--------+

Top non-repeatable levels by time:
     D:1: 1309 daAuts
     D:2: 916 daAuts
     D:3: 751 daAuts
     D:6: 93 daAuts
